TOP OF THE 1ST |
Texas Rangers batting - Pitching for Montreal Expos : LHP James Fisher
|
Pitching: LHP James Fisher
|
|
Batting: RHB David Casas
|
0-0: Called Strike 0-1: Foul Ball, location: 2F 0-2: Ball 1-2: Foul Ball, location: 2F 1-2: Ground out 6-3 (Groundball, 6, EV 103.8 MPH)
|
Batting: SHB John Giesbrecht
|
0-0: Called Strike 0-1: Fly out, F8 (Flyball, 78D, EV 90.0 MPH)
|
Batting: RHB Bert Clark
|
0-0: Called Strike 0-1: Foul Ball, location: 2F 0-2: Foul Ball, location: 2F 0-2: SOLO HOME RUN (Flyball, 7LD, EV 91.9 MPH), Distance : 336 ft
|
Batting: SHB Jun Tsuda
|
0-0: Ball 1-0: Ground out 6-3 (Groundball, 56, EV 107.5 MPH)
|
Top of the 1st over - 1 run, 1 hit, 0 errors, 0 left on base; Texas 1 - Montreal 0 |
BOTTOM OF THE 1ST |
Montreal Expos batting - Pitching for Texas Rangers : RHP Lu-shan Zhào
|
Pitching: RHP Lu-shan Zhào
|
|
Batting: RHB Robby Juarez
|
0-0: Fly out, F8 (Line Drive, 8LD, EV 98.1 MPH)
|
Batting: SHB Pete Barutha
|
0-0: Ball 1-0: Foul Ball, location: 2F 1-1: Ball 2-1: Foul Ball, location: 2F 2-2: Fly out, F2 (Popup, 2LF, EV 93.8 MPH)
|
Batting: RHB Mike Salmon
|
0-0: Foul Ball, location: 2F 0-1: Foul Ball, location: 2F 0-2: Foul Ball, location: 2F 0-2: Ball 1-2: Ball 2-2: Ball 3-2: SINGLE (Line Drive, 4D, EV 98.8 MPH)
|
Batting: RHB Hugo Bautista
|
0-0: Called Strike Mike Salmon is caught stealing 2nd base 2-4
|
Bottom of the 1st over - 0 runs, 1 hit, 0 errors, 0 left on base; Texas 1 - Montreal 0 |
TOP OF THE 2ND |
Texas Rangers batting - Pitching for Montreal Expos : LHP James Fisher
|
Batting: RHB Casey Semenza
|
0-0: Ball 1-0: Called Strike 1-1: SOLO HOME RUN (Flyball, 78XD, EV 101.2 MPH), Distance : 395 ft
|
Batting: SHB Vince Ealy
|
0-0: Called Strike 0-1: Ball 1-1: Foul Ball, location: 2F 1-2: Ball 2-2: Ball 3-2: SOLO HOME RUN (Flyball, 9D, EV 98.1 MPH), Distance : 369 ft
|
Batting: RHB Edwin Madrid
|
0-0: Called Strike 0-1: Ball 1-1: Swinging Strike 1-2: Ball 2-2: Ball 3-2: Foul Ball, location: 2F 3-2: Fly out, F8 (Flyball, 8RXD, EV 87.5 MPH)
|
Batting: RHB Zhao-ji Chi
|
0-0: Ball 1-0: Ball 2-0: Ground out U3 (Groundball, 3, EV 78.1 MPH)
|
Batting: LHB Cody Schumacher
|
0-0: Called Strike 0-1: Ground out U3 (Groundball, 34, EV 83.8 MPH)
|
Top of the 2nd over - 2 runs, 2 hits, 0 errors, 0 left on base; Texas 3 - Montreal 0 |
BOTTOM OF THE 2ND |
Montreal Expos batting - Pitching for Texas Rangers : RHP Lu-shan Zhào
|
Batting: RHB Hugo Bautista
|
0-0: Called Strike 0-1: Called Strike 0-2: Ball 1-2: Foul Ball, location: 2F 1-2: Strikes out swinging
|
Batting: LHB Jimmy Buscemi
|
0-0: Called Strike 0-1: Fly out, F7 (Flyball, 78M, EV 85.6 MPH)
|
Batting: RHB Martin Chavez
|
0-0: Ball 1-0: Called Strike 1-1: Ball 2-1: Swinging Strike 2-2: SINGLE (Line Drive, 8LS, EV 85.0 MPH)
|
Batting: RHB John Ham
|
0-0: Foul Ball, location: 2F 0-1: Ball 1-1: Fly out, F9 (Line Drive, 89S, EV 86.9 MPH)
|
Bottom of the 2nd over - 0 runs, 1 hit, 0 errors, 1 left on base; Texas 3 - Montreal 0 |
TOP OF THE 3RD |
Texas Rangers batting - Pitching for Montreal Expos : LHP James Fisher
|
Batting: RHB David Casas
|
0-0: Ball 1-0: Called Strike 1-1: Ball 2-1: Called Strike 2-2: Foul Ball, location: 2F 2-2: DOUBLE (Line Drive, 7LM, EV 110.0 MPH)
|
Batting: SHB John Giesbrecht
|
0-0: Called Strike 0-1: Ball 1-1: Fly out, F7 (Line Drive, 78M, EV 97.5 MPH)
|
Batting: RHB Bert Clark
|
0-0: Ball 1-0: DOUBLE (Groundball, 3L, EV 96.9 MPH) David Casas scores
|
Batting: SHB Jun Tsuda
|
0-0: Called Strike 0-1: Ground out 5-3 (Groundball, 56, EV 85.6 MPH)
|
Batting: RHB Casey Semenza
|
0-0: Swinging Strike 0-1: Swinging Strike 0-2: Strikes out swinging
|
Top of the 3rd over - 1 run, 2 hits, 0 errors, 1 left on base; Texas 4 - Montreal 0 |
BOTTOM OF THE 3RD |
Montreal Expos batting - Pitching for Texas Rangers : RHP Lu-shan Zhào
|
Batting: RHB Wen-hua Lei
|
0-0: Called Strike 0-1: Ball 1-1: Fly out, F9 (Flyball, 9LM, EV 96.9 MPH)
|
Batting: SHB Bran Stark
|
0-0: Swinging Strike 0-1: Fly out, F5 (Flyball, 56D, EV 78.8 MPH)
|
Batting: RHB Robby Juarez
|
0-0: Ball 1-0: Called Strike 1-1: Ball 2-1: Swinging Strike 2-2: Ground out 6-3 (Groundball, 6, EV 87.5 MPH)
|
Bottom of the 3rd over - 0 runs, 0 hits, 0 errors, 0 left on base; Texas 4 - Montreal 0 |
TOP OF THE 4TH |
Texas Rangers batting - Pitching for Montreal Expos : LHP James Fisher
|
Batting: SHB Vince Ealy
|
0-0: Ball 1-0: Ball 2-0: Called Strike 2-1: Called Strike 2-2: Strikes out swinging
|
Batting: RHB Edwin Madrid
|
0-0: Called Strike 0-1: Swinging Strike 0-2: Ball 1-2: Foul Ball, location: 2F 1-2: Fly out, F7 (Flyball, 7S, EV 91.9 MPH)
|
Batting: RHB Zhao-ji Chi
|
0-0: Ball 1-0: Foul Ball, location: 2F 1-1: Ball 2-1: SINGLE (Groundball, 6D, EV 98.8 MPH)
|
Batting: LHB Cody Schumacher
|
0-0: Foul Ball, location: 2F 0-1: Called Strike 0-2: Ball 1-2: DOUBLE (Line Drive, 8RXD, EV 106.9 MPH) Zhao-ji Chi to third Zhao-ji Chi scores
|
Pitching: LHP Danny Lawson
|
|
Batting: RHB David Casas
|
0-0: Ball 1-0: Swinging Strike 1-1: Ball 2-1: Foul Ball, location: 2F 2-2: Foul Ball, location: 2F 2-2: Ball 3-2: Foul Ball, location: 2F 3-2: Ground out U3 (Groundball, 34, EV 102.5 MPH)
|
Top of the 4th over - 1 run, 2 hits, 0 errors, 1 left on base; Texas 5 - Montreal 0 |
BOTTOM OF THE 4TH |
Montreal Expos batting - Pitching for Texas Rangers : RHP Lu-shan Zhào
|
Batting: SHB Pete Barutha
|
0-0: Swinging Strike 0-1: Foul Ball, location: 2F 0-2: Ground out 4-3 (Groundball, 4, EV 88.1 MPH)
|
Batting: RHB Mike Salmon
|
0-0: Ball 1-0: Ground out U3 (Groundball, 34S, EV 89.4 MPH)
|
Batting: RHB Hugo Bautista
|
0-0: SINGLE (Line Drive, 4MD, EV 98.8 MPH)
|
Batting: LHB Jimmy Buscemi
|
0-0: Ball Hugo Bautista steals 2nd base 1-0: Called Strike 1-1: Foul Ball, location: 2F 1-2: Foul Ball, location: 2F 1-2: Foul Ball, location: 2F 1-2: Ball 2-2: Strikes out swinging
|
Bottom of the 4th over - 0 runs, 1 hit, 0 errors, 1 left on base; Texas 5 - Montreal 0 |
TOP OF THE 5TH |
Texas Rangers batting - Pitching for Montreal Expos : LHP Danny Lawson
|
Batting: SHB John Giesbrecht
|
0-0: Ball 1-0: Ball 2-0: Foul Ball, location: 2F 2-1: SINGLE (Line Drive, 34, EV 98.8 MPH)
|
Batting: RHB Bert Clark
|
0-0: Ball 1-0: Ball 2-0: Called Strike 2-1: Ball 3-1: Foul Ball, location: 2F 3-2: Foul Ball, location: 2F 3-2: Base on Balls John Giesbrecht to second
|
Batting: SHB Jun Tsuda
|
0-0: Called Strike 0-1: Ball 1-1: Called Strike 1-2: Ball 2-2: Strikes out looking
|
Batting: RHB Casey Semenza
|
0-0: Foul Ball, location: 2F 0-1: Ball 1-1: Grounds into double play, 6-4-3 (Groundball, 6, EV 90.0 MPH)
|
Top of the 5th over - 0 runs, 1 hit, 0 errors, 1 left on base; Texas 5 - Montreal 0 |
BOTTOM OF THE 5TH |
Montreal Expos batting - Pitching for Texas Rangers : RHP Lu-shan Zhào
|
Batting: RHB Martin Chavez
|
0-0: Ball 1-0: Called Strike 1-1: Fly out, F9 (Flyball, 9LS, EV 85.6 MPH)
|
Batting: RHB John Ham
|
0-0: Ball 1-0: Foul Ball, location: 2F 1-1: Ball 2-1: SINGLE (Groundball, 4MD, EV 108.1 MPH)
|
Batting: RHB Wen-hua Lei
|
0-0: Ball 1-0: Called Strike John Ham is caught stealing 2nd base 2-4 1-1: Ball 2-1: Called Strike 2-2: Ground out 4-3 (Groundball, 4, EV 98.1 MPH)
|
Bottom of the 5th over - 0 runs, 1 hit, 0 errors, 0 left on base; Texas 5 - Montreal 0 |
TOP OF THE 6TH |
Texas Rangers batting - Pitching for Montreal Expos : LHP Danny Lawson
|
Batting: SHB Vince Ealy
|
0-0: Called Strike 0-1: Ball 1-1: Fly out, F4 (Popup, 4S, EV 71.9 MPH)
|
Batting: RHB Edwin Madrid
|
0-0: Ball 1-0: Ball 2-0: Foul Ball, location: 2F 2-1: Foul Ball, location: 2F 2-2: SINGLE (Line Drive, 78S, EV 103.8 MPH)
|
Batting: RHB Zhao-ji Chi
|
0-0: Ball 1-0: SINGLE (Groundball, 4S, EV 70.6 MPH) (infield hit) Edwin Madrid to second
|
Batting: LHB Cody Schumacher
|
0-0: Ball 1-0: DOUBLE (Line Drive, 89XD, EV 103.8 MPH) Edwin Madrid scores Zhao-ji Chi to third Runner from 3rd tries for Home, SAFE, throw by RF to trailing runner, SAFE at third!
|
Batting: RHB David Casas
|
0-0: Ball 1-0: Ball 2-0: Called Strike 2-1: Ball 3-1: Called Strike 3-2: Foul Ball, location: 2F 3-2: Foul Ball, location: 2F 3-2: Foul Ball, location: 2F 3-2: Ground out 6-3 (Groundball, 6, EV 111.2 MPH) Cody Schumacher scores
|
Batting: SHB John Giesbrecht
|
0-0: Ball 1-0: Called Strike 1-1: Foul Ball, location: 2F 1-2: Strikes out swinging
|
Top of the 6th over - 3 runs, 3 hits, 0 errors, 0 left on base; Texas 8 - Montreal 0 |
BOTTOM OF THE 6TH |
Montreal Expos batting - Pitching for Texas Rangers : RHP Lu-shan Zhào
|
Batting: SHB Bran Stark
|
0-0: Foul Ball, location: 2F 0-1: Ball 1-1: Ground out 5-3 (Groundball, 56, EV 100.0 MPH)
|
Batting: RHB Robby Juarez
|
0-0: Ball 1-0: Ball 2-0: Fly out, F9 (Flyball, 9S, EV 86.9 MPH)
|
Batting: SHB Pete Barutha
|
0-0: Ball 1-0: Swinging Strike 1-1: Ball 2-1: Ball 3-1: Base on Balls
|
Batting: RHB Mike Salmon
|
0-0: Called Strike 0-1: Ball 1-1: Foul Ball, location: 2F 1-2: Ground out U3 (Groundball, 34, EV 103.1 MPH)
|
Bottom of the 6th over - 0 runs, 0 hits, 0 errors, 1 left on base; Texas 8 - Montreal 0 |
TOP OF THE 7TH |
Texas Rangers batting - Pitching for Montreal Expos : LHP Danny Lawson
|
Batting: RHB Bert Clark
|
0-0: Ball 1-0: Ground out 5-3 (Groundball, 56, EV 85.0 MPH)
|
Batting: SHB Jun Tsuda
|
0-0: Called Strike 0-1: Ball 1-1: Fly out, F7 (Line Drive, 7S, EV 90.0 MPH)
|
Batting: RHB Casey Semenza
|
0-0: Ground out 2-3 (Groundball, 13S, EV 66.9 MPH)
|
Top of the 7th over - 0 runs, 0 hits, 0 errors, 0 left on base; Texas 8 - Montreal 0 |
BOTTOM OF THE 7TH |
Montreal Expos batting - Pitching for Texas Rangers : RHP Lu-shan Zhào
|
Now at 1B: Johan de Vries
|
|
Batting: RHB Hugo Bautista
|
0-0: Foul Ball, location: 2F 0-1: Ball 1-1: Ground out 6-3 (Groundball, 6, EV 90.0 MPH)
|
Batting: LHB Jimmy Buscemi
|
0-0: Fly out, F9 (Line Drive, 9D, EV 91.9 MPH)
|
Batting: RHB Martin Chavez
|
0-0: Ball 1-0: Called Strike 1-1: Ground out U3 (Groundball, 3, EV 84.4 MPH)
|
Bottom of the 7th over - 0 runs, 0 hits, 0 errors, 0 left on base; Texas 8 - Montreal 0 |
TOP OF THE 8TH |
Texas Rangers batting - Pitching for Montreal Expos : LHP Danny Lawson
|
Batting: SHB Vince Ealy
|
0-0: Called Strike 0-1: Ball 1-1: Ball 2-1: Fly out, F8 (Flyball, 8LD, EV 92.5 MPH)
|
Batting: RHB Edwin Madrid
|
0-0: Ball 1-0: Called Strike 1-1: Ball 2-1: Ball 3-1: Base on Balls
|
Pitching: RHP Tyler Lybrand
|
|
Batting: RHB Zhao-ji Chi
|
0-0: Ball 1-0: Ball 2-0: SINGLE (Groundball, 4MD, EV 104.4 MPH) Edwin Madrid to second
|
Batting: LHB Cody Schumacher
|
0-0: Foul Ball, location: 2F 0-1: Ball 1-1: Fly out, F7 (Flyball, 7LM, EV 87.5 MPH)
|
Batting: RHB David Casas
|
0-0: Swinging Strike 0-1: Ball 1-1: Called Strike 1-2: Foul Ball, location: 2F 1-2: DOUBLE (Line Drive, 89XD, EV 109.4 MPH) Edwin Madrid scores Zhao-ji Chi to third
|
Batting: SHB John Giesbrecht
|
0-0: Ball 1-0: 3-RUN HOME RUN (Flyball, 8RXD, EV 105.6 MPH), Distance : 432 ft
|
Batting: RHB Bert Clark
|
0-0: Ball 1-0: Ball 2-0: Ball 3-0: Called Strike 3-1: Base on Balls
|
Batting: SHB Jun Tsuda
|
0-0: Ball 1-0: Ball 2-0: Ball 3-0: Called Strike 3-1: 2-RUN HOME RUN (Flyball, 7LD, EV 91.9 MPH), Distance : 336 ft
|
Pitching: RHP Joel Beggs
|
|
Batting: LHB Johan de Vries
|
0-0: Ball 1-0: Ball 2-0: Ball 3-0: Called Strike 3-1: Called Strike 3-2: Foul Ball, location: 2F 3-2: Strikes out swinging
|
Top of the 8th over - 6 runs, 4 hits, 0 errors, 0 left on base; Texas 14 - Montreal 0 |
BOTTOM OF THE 8TH |
Montreal Expos batting - Pitching for Texas Rangers : RHP Lu-shan Zhào
|
Now in LF: Zhao-ji Chi
|
|
Now in RF: Rich Stinson
|
|
Batting: RHB John Ham
|
0-0: Ball 1-0: Foul Ball, location: 2F 1-1: Swinging Strike 1-2: Ball 2-2: Strikes out swinging
|
Batting: RHB Wen-hua Lei
|
0-0: Ball 1-0: Swinging Strike 1-1: Ground out 6-3 (Groundball, 6M, EV 81.9 MPH)
|
Batting: SHB Bran Stark
|
0-0: Ground out 4-3 (Groundball, 34D, EV 91.2 MPH)
|
Bottom of the 8th over - 0 runs, 0 hits, 0 errors, 0 left on base; Texas 14 - Montreal 0 |
TOP OF THE 9TH |
Texas Rangers batting - Pitching for Montreal Expos : RHP Joel Beggs
|
Batting: SHB Vince Ealy
|
0-0: Called Strike 0-1: Ball 1-1: Foul Ball, location: 2F 1-2: Ball 2-2: Strikes out swinging
|
Batting: RHB Edwin Madrid
|
0-0: Called Strike 0-1: DOUBLE (Groundball, 5L, EV 101.9 MPH)
|
Batting: RHB Zhao-ji Chi
|
0-0: Called Strike 0-1: Ball 1-1: Ball 2-1: Swinging Strike 2-2: Ground out 5-3 (Groundball, 5, EV 98.8 MPH)
|
Batting: LHB Cody Schumacher
|
0-0: Called Strike 0-1: Ball 1-1: Foul Ball, location: 2F 1-2: Strikes out looking
|
Top of the 9th over - 0 runs, 1 hit, 0 errors, 1 left on base; Texas 14 - Montreal 0 |
BOTTOM OF THE 9TH |
Montreal Expos batting - Pitching for Texas Rangers : RHP Lu-shan Zhào
|
Batting: RHB Robby Juarez
|
0-0: Ground out 5-3 (Groundball, 56S, EV 90.6 MPH)
|
Batting: SHB Pete Barutha
|
0-0: Ball 1-0: Ground out 4-3 (Groundball, 34D, EV 83.8 MPH)
|
Batting: RHB Mike Salmon
|
0-0: Ball 1-0: Foul Ball, location: 2F 1-1: Fly out, F9 (Flyball, 89D, EV 87.5 MPH)
|
Bottom of the 9th over - 0 runs, 0 hits, 0 errors, 0 left on base; Texas 14 - Montreal 0 |
|